 Dungeon Crawl Stone Soup version 0.28.0-53-g5a82cb258f (webtiles) character file.

Game seed: 8335849660421322978

199 Zeld the Digger (level 5, -3/28 HPs)
             Began as a Gargoyle Earth Elementalist on June 14, 2022.
             Slain by a gnoll shaman
             ... wielding a +0 club
              (7 damage)
             ... on level 6 of the Dungeon.
             The game lasted 00:01:58 (1487 turns).

Zeld the Digger (Gargoyle Earth Elementalist)       Turns: 1487, Time: 00:01:58

Health: -3/28      AC:  6    Str: 11    XL:     5   Next: 77%
Magic:  0/10       EV: 11    Int: 18    God:
Gold:   29         SH:  0    Dex: 10    Spells: 5/11 levels left

rFire   . . .      SeeInvis .   (no weapon)
rCold   . . .      Faith    .   (no shield)
rNeg    + . .      Spirit   .   b - +0 robe
rPois   ∞          Reflect  .   (no helmet)
rElec   +          Harm     .   (no cloak)
rCorr   .          Rampage  .   (no gloves)
Will    .....                   (no boots)
Stlth   +.........              e - amulet of regeneration
HPRegen 0.89/turn               (no ring)
MPRegen 0.12/turn               (no ring)

@: lit by a corona, glowing
A: sickness immunity, AC +4, negative energy resistance 1, electricity
resistance, torment resistance 1, petrification resistance
a: no special abilities


You were on level 6 of the Dungeon.
You visited 1 branch of the dungeon, and saw 5 of its levels.

You collected 29 gold pieces.

Inventory:

Missiles
 c - 13 stones
 d - 14 bolts
Armour
 b - a +0 robe (worn)
 f - a +0 pair of gloves
Jewellery
 e - an amulet of regeneration (around neck)
Scrolls
 a - a scroll of vulnerability {unknown}


   Skills:
 - Level 1.5 Dodging
 - Level 2.1 Stealth
 * Level 3.5 Spellcasting
 + Level 1.6 Conjurations
 + Level 1.9 Transmutations
 * Level 5.3 Earth Magic


You had 5 spell levels left.
You knew the following spells:

 Your Spells              Type           Power      Damage    Failure   Level
a - Sandblast             Erth           44%        2d11      1%          1
b - Passwall              Tmut/Erth      13%        N/A       5%          2
c - Stone Arrow           Conj/Erth      30%        3d8       11%         3

Your spell library contained the following spells:

 Spells                   Type           Power      Damage    Failure   Level
 Petrify                  Tmut/Erth      16%        N/A       34%         4


Dungeon Overview and Level Annotations

Branches:
Dungeon (6/15)
 Temple: D:4-7

Altars:


Innate Abilities, Weirdness & Mutations

You are immune to sickness and miasma.
Your stone body is resilient. (AC +4)
You are immune to poison.
You resist negative energy. (rN+)
You are resistant to electric shocks. (rElec)
You are resistant to unholy torment.
You are immune to petrification.


Message History

Unknown command.
You hit the gnoll shaman but do no damage.
The gnoll shaman is heavily wounded.
You are no longer glowing.
The gnoll shaman invokes the aid of its god against you.
You are outlined in light.
Unknown command.
You barely miss the gnoll shaman.
The gnoll shaman is heavily wounded.
The gnoll shaman closely misses you.
Unknown command.
You barely miss the gnoll shaman.
The gnoll shaman is heavily wounded.
The gnoll shaman hits you with a +0 club.
* * * LOW HITPOINT WARNING * * *
Unknown command.
You hit the gnoll shaman but do no damage.
The gnoll shaman is heavily wounded.
The gnoll shaman utters an invocation to its god.
The gnoll shaman is healed somewhat.
Unknown command.
You hit the gnoll shaman.
The gnoll shaman is moderately wounded.
The gnoll shaman hits you with a +0 club.
* * * LOW HITPOINT WARNING * * *
Unknown command.
Casting: Sandblast (safe; 1% risk of failure)
Confirm with . or Enter, or press ? or * to list all spells.
Aiming: Sandblast (safe; 1% risk of failure)
Press: ? - help, Shift-Dir - straight line, f/p - gnoll shaman
Aim: a gnoll shaman, wielding a +0 club and wearing a +0 leather armour (moderately wounded, 83% to hit)
The blast of sand hits the gnoll shaman!
The gnoll shaman is almost dead.
The gnoll shaman mumbles some strange prayers to its god.
The gnoll shaman is healed somewhat.
Unknown command.
You hit the gnoll shaman.
The gnoll shaman is severely wounded.
The gnoll shaman hits you with a +0 club!
You die...

###
#@#
#g#
#.#
..#
###


You could see a gnoll shaman.

Vanquished Creatures
  A necrophage (D:5)
  A water moccasin skeleton (D:5)
  An iguana (D:5)
  A killer bee zombie (D:5)
  A gnoll (D:5)
  2 orcs
  2 bats
  An endoplasm (D:1)
  A frilled lizard (D:1)
  A rat (D:3)
  4 toadstools (D:1)
16 creatures vanquished.

Notes
Turn   | Place    | Note
-------+----------+-------------------------------------------
     0 | D:1      | Zeld the Gargoyle Earth Elementalist began the quest for
                  | the Orb.
     0 | D:1      | Reached XP level 1. HP: 10/10 MP: 3/3
   436 | D:3      | Reached skill level 1 in Transmutations
   436 | D:3      | Reached XP level 2. HP: 15/15 MP: 0/5
   439 | D:3      | Learned a level 2 spell: Passwall
   537 | D:3      | You fall into a shaft and drop 2 floors!
   537 | D:5      | Entered Level 5 of the Dungeon
   541 | D:5      | Reached skill level 4 in Earth Magic
   705 | D:5      | Reached XP level 3. HP: 15/19 MP: 0/6
   709 | D:5      | Learned a level 3 spell: Stone Arrow
  1263 | D:6      | Noticed an orc warrior
  1342 | D:5      | Reached skill level 1 in Conjurations
  1342 | D:5      | Reached XP level 4. HP: 17/24 MP: 2/8
  1400 | D:5      | Noticed a necrophage
  1422 | D:5      | Killed a necrophage
  1423 | D:5      | Reached skill level 5 in Earth Magic
  1423 | D:5      | Reached XP level 5. HP: 24/28 MP: 4/10
  1487 | D:6      | Slain by a gnoll shaman

Illustrated notes

Levels and vault maps discovered:
D:1:      ldierk_water_garden, layout_rooms,
          shapermc_ecumenical_altar_mp_highgroup
D:2:      layout_rooms, chequers_serial_rivers_small_3
D:3:      layout_loops_ring, mainiacjoe_overflow_small_starburst,
          nicolae_overflow_squiral
D:5:      lemuel_ratsnest, layout_basic, minmay_statues_item
D:6:      layout_basic, minmay_temple_entry_proselytizer,
          nicolae_wooded_promenade, corexii_item_surrounded_by_moat,
          amcnicky_mini_pool_small, uniq_blork_the_orc

Skill      XL: |  1  2  3  4 |
---------------+-------------+-----
Transmutations | 1 |  1.9
Earth Magic    | 4 5 |  5.3
Spellcasting   | 3 |  3.5
Conjurations   | 1 |  1.6
Dodging        | |  1.5
Stealth        | |  2.1

Action                   |  1- 3 |  4- 6 || total
-------------------------+-------+-------++-------
Melee: Unarmed           |    18 |    32 ||    50
 Cast: Sandblast         |    27 |    15 ||    42
Armor: Robe              |    10 |     7 ||    17
Dodge: Dodged            |    20 |    17 ||    37
